 Dungeon Crawl Stone Soup version 0.17-a0-1635-gd4e48f1 (webtiles) character file.

547 karlkraus the Shield-Bearer (level 7, -4/61 HPs)
             Began as a Minotaur Fighter on Aug 4, 2015.
             Slain by an orc
             ... wielding a +1 dagger of electrocution
              (16 damage)
             ... on level 4 of the Dungeon.
             The game lasted 00:07:23 (2117 turns).

karlkraus the Shield-Bearer (Minotaur Fighter)      Turns: 2117, Time: 00:07:23

Health: -4/61      AC: 12    Str: 22    XL:     7   Next: 7%
Magic:  6/6        EV:  5    Int:  5    God:
Gold:   184        SH: 10    Dex: 10    Spells: 0 memorised, 6 levels left

rFire  . . .     SeeInvis .     n - +1 flail (holy)
rCold  . . .     Clarity  .     m - +0 plate armour
rNeg   . . .     SustAt   .     c - +0 shield
rPois  .         Gourm    .     (helmet restricted)
rElec  .         Spirit   .     (no cloak)
rCorr  .         Warding  .     (no gloves)
rMut   .         Stasis   .     (no boots)
MR     .....                    (no amulet)
Stlth  ..........               (no ring)
                                (no ring)

@: not resistant to hostile enchantments, extremely unstealthy
A: retaliatory headbutt, horns 2
a: no special abilities


You were on level 4 of the Dungeon.
You were not hungry.

You visited 1 branch of the dungeon, and saw 4 of its levels.

You collected 184 gold pieces.

Inventory:

Hand weapons
 a - a +1 flail
 n - a +1 flail of holy wrath (weapon)
 p - a cursed -3 flail
Armour
 c - a +0 shield (worn)
 m - a +0 plate armour (worn)
 t - the +1 robe of Hotamos {MR+ Int-3 Dex+4, unknown}
   (You found it on level 4 of the Dungeon)

   It affects your intelligence (-3).
   It affects your dexterity (+4).
   It affects your resistance to hostile enchantments.
Jewellery
 i - an uncursed amulet of resist corrosion {unknown}
Magical devices
 k - a wand of frost (20)
Scrolls
 b - a scroll of blinking
 d - a scroll of identify {unknown}
 g - a scroll of enchant weapon
 q - a scroll of teleportation {unknown}
 r - a scroll of noise {unknown}
Potions
 h - a potion of agility {unknown}
 j - a potion of brilliance {unknown}
 l - 2 potions of curing {unknown}
 o - a potion of invisibility {unknown}
 u - a potion of might
Comestibles
 e - 5 bread rations
 f - a meat ration
 s - 2 chunks of flesh


   Skills:
 + Level 5.5 Fighting
 + Level 4.7 Maces & Flails
 + Level 5.5 Armour
 + Level 2.4 Dodging
 + Level 0.3 Stealth
 + Level 5.6 Shields


You had 6 spell levels left.
You didn't know any spells.

Dungeon Overview and Level Annotations

Branches:
Dungeon (4/15)
 Temple: D:4-7

Altars:
Nemelex Xobeh
Sif Muna
Vehumet
Yredelemnul


Innate Abilities, Weirdness & Mutations

You reflexively headbutt those who attack you in melee.
You have a pair of horns on your head.


Message History

The orc hits you with a dagger of electrocution.
You sock the orc!
The orc is almost dead.
The orc hits you but does no damage. You block the orc's attack.
You block the orc's attack.
The orc priest looks braver for a moment.
Your plate armour prevents you from hitting the orc.
Your headbutt misses the orc.
The orc is almost dead.
The worker ant zombie waves its antennae.
You block the orc's attack.
The orc hits you with a dagger of electrocution.
You are electrocuted!
* * * LOW HITPOINT WARNING * * *
The orc completely misses you.
You closely miss the orc. Your headbutt misses the orc.
The orc is almost dead.
You block the orc's attack. The orc hits you but does no damage.
You are electrocuted!
You die...

#..###...### ....###.#....#
## ....# ###..### .# ####
#...## ###. ##..###### #..#
.. ##........# #..#####...
#..##.....###...#......
#......#......o#Z..........
##.#..........@oS..........
.. #..........#oo....#.....
#. ..##.#######o........#..
. ###...# ####.........
#...# ##.......... ....#
#..........# #....[..<#..
#............ #..#....#..#.


You could see an orc priest, an adder, 4 orcs and a worker ant zombie.

Vanquished Creatures
  The ghost of karlkraus the Covered, an average MiFi of Qazlal (D:3)
  3 orc wizards
  Ijyb (D:2)
  An orc priest (D:3)
  A hound (D:4)
  Terence (D:2)
  A worker ant (D:4)
  An adder (D:4)
  A gnoll (D:1)
  A giant gecko (D:1)
  14 orcs
  2 ball pythons (D:2)
  8 bats
  3 giant cockroaches
  6 goblins
  12 hobgoblins
  5 giant newts
  7 kobolds
  9 rats
  A spectral orc (D:3)
79 creatures vanquished.

Notes
Turn   | Place    | Note
--------------------------------------------------------------
     0 | D:1      | karlkraus the Minotaur Fighter began the quest for the Orb.
     0 | D:1      | Reached XP level 1. HP: 19/19 MP: 0/0
    69 | D:1      | Reached XP level 2. HP: 18/27 MP: 1/1
    91 | D:1      | Reached skill level 4 in Armour
   361 | D:1      | Reached XP level 3. HP: 33/33 MP: 2/2
   589 | D:2      | Reached skill level 1 in Dodging
   728 | D:2      | Noticed Ijyb
   746 | D:2      | Killed Ijyb
   746 | D:2      | Reached XP level 4. HP: 35/40 MP: 3/3
   759 | D:2      | Found a deep blue altar of Sif Muna.
   931 | D:2      | Noticed Terence
   948 | D:2      | Killed Terence
  1294 | D:3      | Found a radiant altar of Vehumet.
  1294 | D:3      | Found a sparkling altar of Nemelex Xobeh.
  1338 | D:3      | Found a basalt altar of Yredelemnul.
  1386 | D:3      | Found a radiant altar of Vehumet.
  1433 | D:3      | Reached XP level 5. HP: 24/47 MP: 4/4
  1554 | D:3      | Noticed karlkraus's ghost (average MiFi)
  1565 | D:3      | Killed karlkraus's ghost
  1565 | D:3      | Reached skill level 5 in Fighting
  1565 | D:3      | Reached skill level 5 in Armour
  1565 | D:3      | Reached skill level 5 in Shields
  1565 | D:3      | Reached XP level 6. HP: 15/56 MP: 5/5
  2069 | D:4      | Got a brightly glowing robe
  2111 | D:4      | Reached XP level 7. HP: 41/61 MP: 6/6
  2117 | D:4      | Slain by an orc

Vault maps used:
D:1:      saegor_arrival_miasma
D:2:      lemuel_doored_altar, minmay_door_square, uniq_terence, uniq_iyjb
D:3:      yredelemnul_forgotten_temple_becter, gammafunk_temple_overflow_wave,
          vehumet_altar_wand_db
D:4:      grunt_temple_overflow_order_and_chaos_2, first_bread,
          makhleb_blood_cavern_becter

Action                   |  1- 3 |  4- 6 |  7- 9 || total
-------------------------+-------+-------+-------++-------
Melee: Flail             |    46 |    78 |     6 ||   130
       Mace              |    60 |    57 |       ||   117
  Use: Scroll            |     4 |     4 |       ||     8
       Potion            |       |     1 |       ||     1
  Eat: Chunk             |       |     4 |       ||     4
